WIN
KANSAS CITY (WIN) ROYALS @ ASHEVILLE TOURISTS
12/12/2045
 
TOP OF THE 1ST
Kansas City (WIN) Royals batting - Pitching for Asheville Tourists : LHP Yoshiya Yokoyama
Pitching: LHP Yoshiya Yokoyama
Batting: SHB Jared O'Connor 0-0: Foul Ball, location: 2F
0-1: Ground out 4-3 (Groundball, 4, EV 83.8 MPH)
Batting: RHB Matt Belgard 0-0: Ball
1-0: Foul Ball, location: 2F
1-1: Ball
2-1: Fly out, F7 (Flyball, 7, EV 87.5 MPH)
Batting: RHB Justin Bonner 0-0: Ball
1-0: Fly out, F7 (Flyball, 7, EV 88.1 MPH)
Top of the 1st over - 0 runs, 0 hits, 0 errors, 0 left on base; Kansas City (WIN) 0 - Asheville 0
BOTTOM OF THE 1ST
Asheville Tourists batting - Pitching for Kansas City (WIN) Royals : RHP Nick Harmon
Pitching: RHP Nick Harmon
Batting: LHB Steve Gilliam 0-0: Ball
1-0: Foul Ball, location: 2F
1-1: Called Strike
1-2: SINGLE (Flyball, 89S, EV 90.6 MPH)
Batting: LHB Eric Ludwig 0-0: Called Strike
0-1: Called Strike
Steve Gilliam is caught stealing 2nd base 2-6
0-2: Ball
1-2: Ball
2-2: Ball
3-2: Base on Balls
Batting: RHB Ernest Olkowicz 0-0: Ball
1-0: SINGLE (Groundball, 56S, EV 73.1 MPH) (infield hit)
Eric Ludwig to second
Batting: SHB Pete Perla 0-0: Foul Ball, location: 2F
0-1: Called Strike
0-2: Ball
1-2: Ball
2-2: Foul Ball, location: 2F
2-2: SINGLE (Flyball, 89S, EV 92.5 MPH)
Eric Ludwig to third
Ernest Olkowicz to second
Batting: LHB Chris Raymond 0-0: Ball
1-0: Called Strike
1-1: Foul Ball, location: 2F
1-2: Fly out, F8 (Flyball, 78M, EV 86.9 MPH)
Runner from 3rd tags up, SCORES, throw by CF
Batting: LHB Ryan Rodgers 0-0: Ball
1-0: Fly out, F8 (Flyball, 78D, EV 80.6 MPH)
Bottom of the 1st over - 1 run, 3 hits, 0 errors, 2 left on base; Kansas City (WIN) 0 - Asheville 1
TOP OF THE 2ND
Kansas City (WIN) Royals batting - Pitching for Asheville Tourists : LHP Yoshiya Yokoyama
Batting: RHB John Paredes 0-0: DOUBLE (Line Drive, 5D, EV 95.6 MPH)
Batting: RHB Marco Diaz 0-0: Foul Ball, location: 2F
0-1: SINGLE (Flyball, 89S, EV 97.5 MPH)
John Paredes to third
Runner from 3rd tries for Home, SAFE, throw by RF to home
Batting: LHB Robby Diaz 0-0: Called Strike
0-1: Called Strike
0-2: Strikes out swinging
Batting: SHB Jarrod Lindblad 0-0: Foul Ball, location: 2F
0-1: Swinging Strike
0-2: Ball
1-2: Strikes out swinging
Batting: RHB Jerry Castillo 0-0: Ball
Wild Pitch!
Marco Diaz to second
1-0: Ball
2-0: Ball
3-0: Called Strike
3-1: Foul Ball, location: 2F
3-2: Fly out, F9 (Flyball, 9, EV 94.4 MPH)
Top of the 2nd over - 1 run, 2 hits, 0 errors, 1 left on base; Kansas City (WIN) 1 - Asheville 1
BOTTOM OF THE 2ND
Asheville Tourists batting - Pitching for Kansas City (WIN) Royals : RHP Nick Harmon
Batting: RHB Bodil Hardenberg 0-0: Ball
1-0: Ball
2-0: Hit by Pitch
Batting: LHB Elijah Black 0-0: Called Strike
Bodil Hardenberg steals 2nd base (no throw)
0-1: Ground out 4-3 (Groundball, 34D, EV 110.6 MPH)
Bodil Hardenberg to third
Batting: RHB Nick Rang 0-0: Ball
1-0: Called Strike
1-1: 2-RUN HOME RUN (Flyball, 78XD, EV 101.2 MPH), Distance : 394 ft
Batting: LHB Steve Gilliam 0-0: Called Strike
0-1: Swinging Strike
0-2: Fly out, F8 (Line Drive, 8LM, EV 91.2 MPH)
Batting: LHB Eric Ludwig 0-0: Ball
1-0: Ball
2-0: Ball
3-0: Base on Balls
Batting: RHB Ernest Olkowicz 0-0: Ball
1-0: Ball
2-0: 2-RUN HOME RUN (Flyball, 78XD, EV 110.0 MPH), Distance : 427 ft
Batting: SHB Pete Perla 0-0: Ball
1-0: Ball
2-0: Called Strike
2-1: Foul Ball, location: 2F
2-2: Ball
3-2: Strikes out swinging
Bottom of the 2nd over - 4 runs, 2 hits, 0 errors, 0 left on base; Kansas City (WIN) 1 - Asheville 5
TOP OF THE 3RD
Kansas City (WIN) Royals batting - Pitching for Asheville Tourists : LHP Yoshiya Yokoyama
Batting: LHB John Wagner 0-0: Ball
1-0: Swinging Strike
1-1: Foul Ball, location: 2F
1-2: Foul Ball, location: 2F
1-2: Ball
2-2: Strikes out swinging
Batting: SHB Jared O'Connor 0-0: Foul Ball, location: 2F
0-1: Foul Ball, location: 2F
0-2: Ball
1-2: Strikes out swinging
Batting: RHB Matt Belgard 0-0: Ball
1-0: Foul Ball, location: 2F
1-1: Foul Ball, location: 2F
1-2: Ball
2-2: Ground out U3 (Groundball, 34S, EV 85.0 MPH)
Top of the 3rd over - 0 runs, 0 hits, 0 errors, 0 left on base; Kansas City (WIN) 1 - Asheville 5
BOTTOM OF THE 3RD
Asheville Tourists batting - Pitching for Kansas City (WIN) Royals : RHP Nick Harmon
Batting: LHB Chris Raymond 0-0: SOLO HOME RUN (Flyball, 9LD, EV 90.6 MPH), Distance : 338 ft
Batting: LHB Ryan Rodgers 0-0: Ball
1-0: Foul Ball, location: 2F
1-1: Foul Ball, location: 2F
1-2: Ball
2-2: Fly out, F9 (Flyball, 9S, EV 93.1 MPH)
Batting: RHB Bodil Hardenberg 0-0: Ball
1-0: Fly out, F7 (Flyball, 7D, EV 102.5 MPH)
Batting: LHB Elijah Black 0-0: Called Strike
0-1: Ball
1-1: Foul Ball, location: 2F
1-2: Ball
2-2: TRIPLE (Line Drive, 9LM, EV 100.6 MPH)
Batting: RHB Nick Rang 0-0: Called Strike
0-1: Ball
1-1: Ball
2-1: Foul Ball, location: 2F
2-2: Strikes out swinging
Bottom of the 3rd over - 1 run, 2 hits, 0 errors, 1 left on base; Kansas City (WIN) 1 - Asheville 6
TOP OF THE 4TH
Kansas City (WIN) Royals batting - Pitching for Asheville Tourists : LHP Yoshiya Yokoyama
Batting: RHB Justin Bonner 0-0: Ball
1-0: SINGLE (Flyball, 5D, EV 93.1 MPH)
Batting: RHB John Paredes 0-0: Called Strike
0-1: Foul Ball, location: 2F
0-2: Grounds into double play, 6-4-3 (Groundball, 56, EV 80.0 MPH)
Batting: RHB Marco Diaz 0-0: Called Strike
0-1: Ground out 6-3 (Groundball, 6, EV 96.9 MPH)
Top of the 4th over - 0 runs, 1 hit, 0 errors, 0 left on base; Kansas City (WIN) 1 - Asheville 6
BOTTOM OF THE 4TH
Asheville Tourists batting - Pitching for Kansas City (WIN) Royals : RHP Nick Harmon
Batting: LHB Steve Gilliam 0-0: Ball
1-0: Called Strike
1-1: Called Strike
1-2: Foul Ball, location: 2F
1-2: Foul Ball, location: 2F
1-2: Fly out, F8 (Line Drive, 8RM, EV 106.9 MPH)
Batting: LHB Eric Ludwig 0-0: Ball
1-0: Ball
2-0: Foul Ball, location: 2F
2-1: Foul Ball, location: 2F
2-2: Fly out, F8 (Line Drive, 8RD, EV 91.2 MPH)
Batting: RHB Ernest Olkowicz 0-0: SOLO HOME RUN (Flyball, 9D, EV 95.0 MPH), Distance : 366 ft
Batting: SHB Pete Perla 0-0: Ball
1-0: Fly out, F4 (Popup, 34S, EV 80.0 MPH)
Bottom of the 4th over - 1 run, 1 hit, 0 errors, 0 left on base; Kansas City (WIN) 1 - Asheville 7
TOP OF THE 5TH
Kansas City (WIN) Royals batting - Pitching for Asheville Tourists : LHP Yoshiya Yokoyama
Batting: LHB Robby Diaz 0-0: Foul Ball, location: 2F
0-1: Ball
1-1: Swinging Strike
1-2: Foul Ball, location: 2F
1-2: Foul Ball, location: 2F
1-2: Strikes out swinging
Batting: SHB Jarrod Lindblad 0-0: Ball
1-0: Called Strike
1-1: Foul Ball, location: 2F
1-2: Ground out 6-3 (Groundball, 6, EV 105.0 MPH)
Batting: RHB Jerry Castillo 0-0: Ball
1-0: Foul Ball, location: 2F
1-1: Ball
2-1: Ball
3-1: SINGLE (Line Drive, 89S, EV 103.1 MPH)
Batting: LHB John Wagner 0-0: Called Strike
0-1: Fly out, F8 (Flyball, 8LM, EV 81.9 MPH)
Top of the 5th over - 0 runs, 1 hit, 0 errors, 1 left on base; Kansas City (WIN) 1 - Asheville 7
BOTTOM OF THE 5TH
Asheville Tourists batting - Pitching for Kansas City (WIN) Royals : RHP Nick Harmon
Batting: LHB Chris Raymond 0-0: Called Strike
0-1: Foul Ball, location: 2F
0-2: Hit by Pitch
Batting: LHB Ryan Rodgers 0-0: Ball
1-0: Ball
2-0: Called Strike
2-1: Ball
3-1: Foul Ball, location: 2F
3-2: DOUBLE (Groundball, 3L, EV 105.0 MPH)
Chris Raymond to third
Pitching: RHP Matt Carnevale
Pinch Runner at 2nd Malik Whitted:
Batting: RHB Bodil Hardenberg 0-0: Ball
1-0: Ball
2-0: Called Strike
2-1: Foul Ball, location: 2F
2-2: Foul Ball, location: 2F
2-2: Foul Ball, location: 2F
2-2: Strikes out swinging
Batting: LHB Elijah Black 0-0: Called Strike
0-1: SINGLE (Line Drive, 56, EV 94.4 MPH)
Chris Raymond scores
Malik Whitted to third
Batting: RHB Nick Rang 0-0: Ball
1-0: Swinging Strike
1-1: Ball
2-1: Ball
Wild Pitch!
Malik Whitted scores
Elijah Black to second
3-1: Base on Balls
Batting: LHB Steve Gilliam 0-0: Foul Ball, location: 2F
0-1: Ball
1-1: Fly out, F7 (Flyball, 7, EV 88.8 MPH)
Batting: LHB Eric Ludwig 0-0: Called Strike
0-1: Foul Ball, location: 2F
0-2: Ball
1-2: Strikes out swinging
Bottom of the 5th over - 2 runs, 2 hits, 0 errors, 2 left on base; Kansas City (WIN) 1 - Asheville 9
TOP OF THE 6TH
Kansas City (WIN) Royals batting - Pitching for Asheville Tourists : LHP Yoshiya Yokoyama
Now at C: Malik Whitted
Batting: SHB Jared O'Connor 0-0: Swinging Strike
0-1: Foul Ball, location: 2F
0-2: Strikes out swinging
Batting: RHB Matt Belgard 0-0: Fly out, F9 (Flyball, 89S, EV 96.9 MPH)
Batting: RHB Justin Bonner 0-0: Ball
1-0: Ball
2-0: Called Strike
2-1: Fly out, F8 (Line Drive, 8LD, EV 83.8 MPH)
Top of the 6th over - 0 runs, 0 hits, 0 errors, 0 left on base; Kansas City (WIN) 1 - Asheville 9
BOTTOM OF THE 6TH
Asheville Tourists batting - Pitching for Kansas City (WIN) Royals : RHP Matt Carnevale
Batting: RHB Ernest Olkowicz 0-0: Ball
1-0: Ball
2-0: Ball
3-0: Base on Balls
Batting: SHB Pete Perla 0-0: Called Strike
0-1: Fly out, F5 (Popup, 15, EV 86.2 MPH)
Batting: LHB Chris Raymond 0-0: Ball
1-0: Fielders Choice at 2nd, 5-4 (Groundball, 5L, EV 107.5 MPH)
Batting: SHB Malik Whitted 0-0: Ball
1-0: Swinging Strike
1-1: Ground out 4-3 (Groundball, 4D, EV 93.1 MPH)
Bottom of the 6th over - 0 runs, 0 hits, 0 errors, 1 left on base; Kansas City (WIN) 1 - Asheville 9
TOP OF THE 7TH
Kansas City (WIN) Royals batting - Pitching for Asheville Tourists : LHP Yoshiya Yokoyama
Batting: RHB John Paredes 0-0: Ball
1-0: Ball
2-0: Ball
3-0: Called Strike
3-1: Foul Ball, location: 2F
3-2: DOUBLE (Groundball, 5L, EV 99.4 MPH)
Batting: RHB Marco Diaz 0-0: Foul Ball, location: 2F
0-1: Ball
1-1: Ground out 1-3 (Groundball, 15S, EV 70.6 MPH)
Batting: LHB Robby Diaz 0-0: Ball
1-0: Foul Ball, location: 2F
1-1: Reached on error, E3 (Groundball, 3, EV 106.9 MPH)
John Paredes to third
Batting: SHB Jarrod Lindblad 0-0: Ball
1-0: Swinging Strike
1-1: Fly out, F7 (Flyball, 7S, EV 83.8 MPH)
Pitching: LHP Jason Merritt
Batting: RHB Jerry Castillo 0-0: Foul Ball, location: 2F
0-1: Ball
1-1: Ball
2-1: Foul Ball, location: 2F
2-2: Strikes out swinging
Top of the 7th over - 0 runs, 1 hit, 1 error, 2 left on base; Kansas City (WIN) 1 - Asheville 9
BOTTOM OF THE 7TH
Asheville Tourists batting - Pitching for Kansas City (WIN) Royals : RHP Matt Carnevale
Batting: RHB Bodil Hardenberg 0-0: Swinging Strike
0-1: Foul Ball, location: 2F
0-2: Foul Ball, location: 2F
0-2: Ball
1-2: Foul Ball, location: 2F
1-2: Foul Ball, location: 2F
1-2: Foul Ball, location: 2F
1-2: Ball
2-2: Ball
3-2: Base on Balls
Pitching: RHP Andrew Tipton
Batting: LHB Elijah Black 0-0: Called Strike
0-1: Ball
1-1: Ball
2-1: Grounds into double play, 5-4-3 (Groundball, 5, EV 102.5 MPH)
Batting: RHB Nick Rang 0-0: Ball
1-0: SINGLE (Groundball, 5S, EV 61.9 MPH) (infield hit)
Batting: LHB Steve Gilliam 0-0: Called Strike
0-1: Ball
1-1: Foul Ball, location: 2F
1-2: Ball
2-2: Ball
3-2: Ground out 4-3 (Groundball, 4, EV 90.0 MPH)
Bottom of the 7th over - 0 runs, 1 hit, 0 errors, 1 left on base; Kansas City (WIN) 1 - Asheville 9
TOP OF THE 8TH
Kansas City (WIN) Royals batting - Pitching for Asheville Tourists : LHP Jason Merritt
Batting: LHB John Wagner 0-0: Swinging Strike
0-1: Foul Ball, location: 2F
0-2: Ball
1-2: Foul Ball, location: 2F
1-2: SINGLE (Line Drive, 56D, EV 100.6 MPH)
Batting: SHB Jared O'Connor 0-0: Called Strike
0-1: Foul Ball, location: 2F
0-2: Ball
1-2: Ball
2-2: Strikes out swinging
Batting: RHB Matt Belgard 0-0: Ball
Wild Pitch!
John Wagner to second
1-0: Swinging Strike
1-1: Hit by Pitch
Batting: RHB Justin Bonner 0-0: Called Strike
0-1: Ball
Wild Pitch!
John Wagner to third
Matt Belgard to second
1-1: Swinging Strike
1-2: Strikes out swinging
Batting: RHB John Paredes 0-0: Ball
1-0: Called Strike
1-1: DOUBLE (Line Drive, 7LS, EV 91.9 MPH)
John Wagner scores
Matt Belgard scores
Batting: RHB Marco Diaz 0-0: Called Strike
0-1: SINGLE (Groundball, 4, EV 98.1 MPH)
John Paredes to third
Runner from 3rd tries for Home, SAFE, throw by CF to home
Marco Diaz to second
Pitching: RHP Mike Wilkins
Batting: LHB Robby Diaz 0-0: Ball
1-0: Fly out, F3 (Popup, 3, EV 80.0 MPH)
Top of the 8th over - 3 runs, 3 hits, 0 errors, 1 left on base; Kansas City (WIN) 4 - Asheville 9
BOTTOM OF THE 8TH
Asheville Tourists batting - Pitching for Kansas City (WIN) Royals : RHP Andrew Tipton
Batting: LHB Eric Ludwig 0-0: Ball
1-0: Foul Ball, location: 2F
1-1: Foul Ball, location: 2F
1-2: Ball
2-2: Ground out 2-3 (Groundball, 2L, EV 66.9 MPH)
Batting: RHB Ernest Olkowicz 0-0: Called Strike
0-1: Swinging Strike
0-2: Ball
1-2: Ball
2-2: Foul Ball, location: 2F
2-2: Fly out, F9 (Flyball, 9LM, EV 93.1 MPH)
Batting: SHB Pete Perla 0-0: Ball
1-0: Called Strike
1-1: Called Strike
1-2: Ball
2-2: Fly out, F7 (Flyball, 7S, EV 96.9 MPH)
Bottom of the 8th over - 0 runs, 0 hits, 0 errors, 0 left on base; Kansas City (WIN) 4 - Asheville 9
TOP OF THE 9TH
Kansas City (WIN) Royals batting - Pitching for Asheville Tourists : RHP Mike Wilkins
Batting: SHB Jarrod Lindblad 0-0: Foul Ball, location: 2F
0-1: Called Strike
0-2: Foul Ball, location: 2F
0-2: Ball
1-2: Strikes out swinging
Batting: RHB Jerry Castillo 0-0: Ground out 4-3 (Groundball, 4MD, EV 100.0 MPH)
Batting: LHB John Wagner 0-0: Ball
1-0: Ball
2-0: Called Strike
2-1: Ball
3-1: Swinging Strike
3-2: Base on Balls
Batting: SHB Jared O'Connor 0-0: Ball
1-0: Ball
2-0: Fly out, F8 (Flyball, 8RD, EV 98.1 MPH)
Top of the 9th over - 0 runs, 0 hits, 0 errors, 1 left on base; Kansas City (WIN) 4 - Asheville 9
Wednesday, June 22nd , 2022 - OOTP Baseball 23.4 Build 64